Map: [ESL] Moondance

Players

Reaper

  • Race: Zerg Zerg
  • Spawn Location: 6:00

Future - Winner!

  • Race: Terran Terran
  • Spawn Location: 12:00

Event: DreamHack SC2 Masters 2022 Atlanta (Online)

VOD

Have the link to the VOD?

Description

Time

  • Played on: Oct. 8, 2022, 4:39 p.m.
  • Length: 12:08

All games in this series

Show
View Real Time Build Order
Export as new Build Order

Reaper Zerg 

Build Orders: Hatch First 

Get SALT Encoding   

  12  0:00  Drone  
  13  0:12  Overlord  
  13  0:18  Drone  
  14  0:31  Drone x2  
  16  0:48  Hatchery  
  15  0:51  Drone  
  15  0:55  Drone  
  17  0:58  Drone  
  18  1:13  Spawning Pool  
  18  1:14  Extractor  
  18  1:17  Drone  
  17  1:20  Drone  
  18  1:29  Drone  
  19  1:38  Drone  
  20  1:51  Overlord  
  20  1:59  Queen  
  20  2:00  Queen  
  25  2:01  Zergling x4  
  26  2:11  Drone x2  
  28  2:16  Metabolic Boost  
  28  2:23  Drone  
  28  2:24  Drone  
  30  2:35  Queen  
  30  2:36  Queen  
  34  2:40  Overlord  
  34  2:46  Drone x2  
  36  2:54  Overlord  
  36  2:58  Drone  
  36  2:59  Drone  
  36  3:05  Drone x2  
  40  3:09  Drone x2  
  40  3:10  Drone x2  
  44  3:16  Lair  
  44  3:17  Extractor  
  43  3:20  Drone  
  44  3:29  Drone  
  44  3:30  Drone  
  46  3:39  Drone  
  46  3:40  Drone x2  
  46  3:41  Baneling Nest  
  48  3:44  Overlord  
  48  3:45  Drone x3  
  48  3:46  Drone  
  52  3:49  Extractor  
  50  3:57  Extractor  
  50  4:01  Overlord  
  49  4:06  Hatchery  
  48  4:12  Drone x3  
  48  4:13  Drone x2  
  53  4:18  Spire  
  53  4:19  Drone  
  53  4:23  Overlord  
  53  4:30  Centrifugal Hooks  
  53  4:34  Zergling x6  
  53  4:36  Overlord  
  56  4:42  Zergling x4  
  56  4:43  Zergling x2  
  56  4:45  Zergling x2  
  60  4:50  Overseer  
  60  4:53  Zergling x2  
  60  4:54  Zergling x6  
  64  5:00  Overlord  
  64  5:07  Baneling  
  64  5:08  Baneling x5  
  64  5:09  Drone x2  
  64  5:12  Overlord  
  66  5:20  Overseer  
  66  5:27  Queen  
  68  5:31  Mutalisk x4  
  68  5:33  Zergling x8  
  80  5:39  Mutalisk  
  82  5:43  Drone x3  
  82  5:44  Drone  
  82  5:46  Drone  
  82  5:47  Drone  
  88  5:54  Drone x2  
  90  5:58  Overlord  
  89  6:12  Mutalisk x3  
  89  6:13  Overlord  
  89  6:17  Drone x2  
  97  6:20  Drone  
  97  6:21  Drone  
  97  6:25  Drone x5  
  104  6:28  Extractor  
  104  6:29  Drone x2  
  104  6:30  Extractor  
  104  6:31  Evolution Chamber x2  
  102  6:36  Zerg Flyer Weapons Level 1  
  102  6:43  Drone  
  102  6:46  Overlord  
  102  6:47  Drone x5  
  108  6:54  Mutalisk  
  108  6:56  Mutalisk  
  108  6:59  Overlord  
  112  7:05  Mutalisk, Hatchery  
  112  7:06  Mutalisk  
  115  7:10  Zerg Melee Weapons Level 1  
  115  7:12  Zerg Ground Armor Level 1  
  115  7:13  Zergling x6  
  118  7:21  Overlord  
  118  7:22  Mutalisk  
  118  7:24  Zergling x10  
  118  7:27  Mutalisk  
  127  7:30  Overlord  
  127  7:36  Zergling x2  
  128  7:42  Mutalisk x2  
  128  7:44  Zergling x10, Baneling x3  
  132  7:49  Overlord  
  132  7:50  Zergling x4  
  139  7:51  Mutalisk  
  139  7:57  Baneling x4  
  139  8:08  Mutalisk  
  139  8:09  Zergling x24  
  153  8:17  Overlord x2  
  153  8:27  Mutalisk x3  
  153  8:28  Overlord  
  153  8:33  Baneling x5  
  159  8:34  Zergling x2  
  159  8:35  Overlord  
  159  8:40  Overlord  
  160  8:43  Mutalisk  
  160  8:44  Overlord  
  160  8:45  Mutalisk  
  160  8:46  Zergling x10  
  160  8:47  Zergling x8  
  173  8:51  Zergling x4  
  175  8:57  Overlord  
  175  8:58  Zergling x2  
  133  9:19  Mutalisk x5  
  133  9:20  Zergling x6  
  136  9:26  Mutalisk  
  136  9:28  Zergling x18  
  136  9:29  Zergling x2  
  140  9:33  Drone x2  
  140  9:38  Zergling x2  
  143  9:40  Baneling x6  
  143  9:41  Zergling x2  
  143  9:43  Zergling x2  
  147  9:45  Zergling x4  
  147  9:50  Zergling x2  
  148  9:55  Zergling x4  
  148  9:59  Baneling x5  
  150  10:01  Zergling x10  
  155  10:11  Zergling x14  
  162  10:14  Baneling  
  162  10:15  Baneling x5  
  162  10:17  Zergling x2  
  163  10:25  Zergling x4  
  163  10:27  Hatchery  
  164  10:28  Zergling x8  
  168  10:38  Mutalisk x2  
  168  10:40  Drone x4  
  176  10:52  Mutalisk  
  176  10:55  Zergling x4, Hatchery  
  179  11:03  Mutalisk  
  179  11:04  Mutalisk x2  
  179  11:05  Zergling x4  
  150  11:29  Zergling x30  
  136  11:34  Baneling x5  
  136  11:37  Mutalisk  
  138  11:43  Zergling x6  
Show
View Real Time Build Order
Export as new Build Order

Future Terran - Winner!

Build Orders: Reaper Expand 

Get SALT Encoding   

  12  0:00  SCV  
  13  0:12  SCV  
  14  0:17  Supply Depot  
  14  0:24  SCV  
  15  0:39  SCV  
  15  0:40  Barracks  
  16  0:43  Refinery  
  16  0:51  SCV  
  17  1:03  SCV  
  18  1:15  SCV  
  19  1:27  Reaper, Orbital Command  
  20  1:40  Command Center  
  20  1:52  SCV  
  21  1:55  Supply Depot  
  21  1:59  Marine  
  22  2:05  SCV  
  23  2:11  Factory  
  23  2:17  SCV  
  23  2:21  Barracks Reactor  
  24  2:29  SCV, Refinery  
  25  2:41  SCV  
  26  2:53  SCV  
  26  2:55  Orbital Command  
  26  2:57  Marine x2  
  29  2:59  Starport  
  29  3:01  Factory Tech Lab  
  29  3:05  SCV  
  30  3:06  Bunker  
  30  3:15  Marine x2  
  30  3:17  SCV  
  33  3:22  SCV  
  34  3:30  Siege Tank  
  34  3:32  SCV, Marine  
  34  3:33  Marine  
  40  3:35  SCV  
  40  3:37  Supply Depot  
  40  3:38  Viking  
  43  3:44  SCV  
  43  3:47  SCV  
  46  3:59  SCV x2  
  46  4:00  Supply Depot  
  46  4:11  SCV x2  
  46  4:14  Command Center  
  48  4:17  Barracks, Factory Reactor  
  48  4:23  SCV x2  
  48  4:24  Barracks, Marine  
  51  4:31  Supply Depot  
  51  4:33  Starport Tech Lab  
  51  4:35  SCV x2  
  53  4:40  Engineering Bay  
  53  4:42  Engineering Bay  
  53  4:45  Refinery  
  53  4:46  Refinery  
  53  4:47  SCV x2  
  53  4:48  Marine  
  53  4:52  Stimpack  
  56  4:59  SCV x2  
  58  5:01  Supply Depot  
  58  5:03  Starport Reactor  
  58  5:06  Marine  
  58  5:07  Siege Tank  
  62  5:11  SCV x2  
  62  5:14  Terran Infantry Weapons Level 1  
  64  5:17  Terran Infantry Armor Level 1  
  64  5:19  Marine  
  64  5:20  Marine x3  
  68  5:23  SCV, Marine  
  68  5:24  SCV  
  68  5:27  Orbital Command  
  71  5:34  Missile Turret x2  
  71  5:36  Missile Turret  
  71  5:38  SCV x2  
  73  5:42  Marine  
  73  5:43  Marine x2  
  73  5:47  Marine  
  73  5:48  Marine  
  81  5:51  SCV  
  81  5:52  SCV  
  81  5:53  SCV  
  81  5:55  Siege Tank  
  84  6:01  Supply Depot, Medivac  
  84  6:02  Supply Depot  
  84  6:03  Medivac  
  88  6:05  SCV x3  
  88  6:09  Marine x2  
  88  6:10  Marine x2  
  93  6:15  Armory  
  93  6:23  Marine  
  93  6:25  SCV x3  
  96  6:27  Siege Tank  
  96  6:32  Supply Depot  
  99  6:33  Supply Depot  
  99  6:35  Marine  
  99  6:36  Marine x3  
  99  6:38  SCV x2  
  99  6:39  SCV  
  106  6:40  Refinery, Marine  
  106  6:42  Barracks  
  106  6:43  Barracks  
  107  6:49  Combat Shield  
  107  6:53  Marine x2  
  109  6:56  Supply Depot x2, Marine  
  109  6:57  Supply Depot, Marine  
  109  6:58  Marine  
  112  7:06  Siege Tank  
  112  7:11  Marine x2  
  112  7:13  Terran Infantry Armor Level 2, Terran Infantry Weapons Level 2  
  112  7:14  Terran Vehicle And Ship Armor Level 1, Marine  
  112  7:15  Marine  
  116  7:16  Marine  
  117  7:23  Supply Depot  
  117  7:24  Supply Depot  
  117  7:28  Medivac  
  117  7:29  Medivac, Marine x2  
  123  7:32  Marine x2  
  123  7:35  Barracks Reactor x2  
  123  7:37  Marine  
  125  7:44  Siege Tank  
  125  7:47  Marine x2  
  125  7:50  Marine x2  
  132  7:51  Missile Turret  
  132  7:54  Marine  
  133  8:04  Medivac, Marine  
  133  8:05  Marine  
  136  8:07  Marine  
  136  8:08  Marine  
  136  8:12  Marine  
  138  8:16  Siege Tank  
  138  8:19  Marine  
  142  8:20  Marine  
  142  8:23  Barracks  
  142  8:24  Barracks  
  142  8:25  Barracks  
  142  8:27  Missile Turret, Marine  
  142  8:28  Missile Turret, Marine x5  
  142  8:30  Medivac, Marine  
  151  8:37  Marine  
  151  8:39  Marine  
  153  8:45  Marine  
  153  8:46  Supply Depot  
  154  8:48  Siege Tank  
  154  8:49  Supply Depot, Factory  
  154  8:51  Supply Depot  
  154  8:54  Marine x2  
  154  8:55  Marine  
  160  8:59  Marine x2  
  160  9:00  Marine x3  
  165  9:07  Supply Depot, Marine  
  140  9:19  Marine  
  121  9:25  Marine  
  121  9:26  Marine x7  
  121  9:30  Siege Tank  
  123  9:37  Marine  
  124  9:39  Factory Reactor  
  124  9:42  Barracks Tech Lab  
  124  9:43  Barracks Tech Lab x2, Marine x4  
  128  9:45  Marine  
  128  9:46  Marine x3  
  132  9:53  Medivac  
  132  9:54  Medivac, Marine  
  137  10:01  Marine x3  
  137  10:05  Marine x8  
  148  10:08  Siege Tank  
  148  10:12  Marine  
  151  10:19  Marine x2  
  151  10:20  Marine  
  154  10:22  Marine  
  154  10:23  Marauder  
  154  10:24  Widow Mine x2, Marauder  
  154  10:28  Marine x5  
  164  10:30  Marine  
  169  10:37  Marine x2  
  169  10:38  Marine  
  169  10:40  Siege Tank, Marine  
  169  10:41  Command Center  
  176  10:44  Marine x2  
  176  10:46  Marine x4  
  182  10:50  Widow Mine x2  
  182  10:51  Marine  
  182  10:52  Marine  
  187  11:00  Supply Depot, Marine  
  188  11:06  Marine x2  
  188  11:07  Marauder x3, Marine  
  197  11:17  Marine  
  197  11:18  Marauder  
  187  11:19  Marine x3  
  189  11:28  Marauder, Marine x2  
  189  11:29  Marauder x2  
  185  11:39  Marauder  
Tags
 
Add a new tag
Caveats
  • Supply blocks, unpowered buildings, or Contaminate may cause inaccurate times.
  • Supply counts are checked every 10 seconds.